AoeStats
← rOkEt1821

Arena

510235101Analyzed
1v1 RM · 1d ago on Sep 30, 2026· 63m 16s· 2 players
Game mode
Random Map
Map size
Tiny (2 player)
Population
200
Speed
Normal
Resources
Standard
Victory
Conquest
Starting age
Dark Age
Ending age
Imperial Age
RankedLock teamsTeams togetherTeam positionsShared explorationLock speedFull tech treeHidden civsTurbo modeCheats
Victory
Defeat
🇨🇴 Spanish · Colombia
466
+6
🇦🇷 Portuguese · Argentina
222
-6
MAGICO
14:58 Feudal Age
15:51 Double-Bit Axe
16:41 Horse Collar
21:34 Castle Age
20:46 Gold Mining
23:43 Heavy Plow
24:12 Bow Saw
26:25 Scale Mail Armor
27:51 Man-at-Arms
32:37 Wheelbarrow
39:20 Imperial Age
37:31 Long Swordsman
39:36 Fortified Wall
39:45 Loom
41:27 Chemistry
40:56 Pikeman
43:37 Stone Mining
43:52 Husbandry
44:19 Hand Cart
45:35 Two-Handed Swordsman
48:11 Two-Man Saw
48:33 Arson
53:23 Stone Shaft Mining
53:27 Crop Rotation
53:00 Devotion
53:01 Murder Holes
55:31 Cavalier
56:27 Halberdier
57:35 Scale Barding Armor
57:41 Forging
rOkEt1821
11:49 Feudal Age
12:23 Loom
13:15 Wheelbarrow
12:35 Double-Bit Axe
12:41 Horse Collar
13:10 Gold Mining
13:12 Loom
22:33 Castle Age
21:23 Forging
21:42 Stone Mining
23:33 Hand Cart
23:34 Bow Saw
24:41 Stone Shaft Mining
24:25 Pikeman
25:14 Husbandry
26:20 Fletching
28:21 Bloodlines
35:25 Imperial Age
34:01 Bodkin Arrow
34:43 Squires
35:02 Padded Archer Armor
37:20 Two-Man Saw
36:24 Heavy Plow
36:29 Murder Holes
37:18 Heavy Mounted Crossbowman
38:07 Thumb Ring
38:43 Iron Casting
38:38 Ballistics
38:12 Cavalier
40:29 Blast Furnace
39:42 Masonry
39:03 Elite Skirmisher
40:34 Cavalier
46:34 Elite Conquistador
46:48 Capped Ram
49:18 Chemistry
48:06 Siege Ram
50:47 Bracer
53:27 Leather Archer Armor
53:46 Architecture
56:10 Scale Barding Armor
Connection lost

Rejoining the realm…

Still unreachable

The connection could not be restored.

Session expired

The server has moved on; the page needs a fresh start.